 Dungeon Crawl Stone Soup version 0.30-a0-368-g86fb4627a9 (webtiles) character file.

Game seed: 10312567433817004818

2137 oldmanjim the Spear-Bearer (level 9, -1/67 (69) HPs)
             Began as a Merfolk Gladiator on Nov 18, 2022.
             Was an Elder of Okawaru.
             Slain by a gnoll
             ... wielding a +2 halberd of draining
              (6 damage)
             ... in a bailey.
             The game lasted 00:39:39 (6776 turns).

oldmanjim the Spear-Bearer (Merfolk Gladiator)      Turns: 6776, Time: 00:39:40

HP:   -1/67 (69)    AC:  8    Str: 24    XL:     9   Next: 30%
MP:   9/11          EV: 17    Int:  7    God:    Okawaru [****..]
Gold: 262           SH:  0    Dex: 15    Spells: 8/8 levels left

rFire   + . .      SeeInvis .    a - +6 quarterstaff "Vautt" {speed, rN+ Str+5}
rCold   . . .      Faith    .    (shield currently unavailable)
rNeg    + . .      Spirit   .    B - +0 leather armour
rPois   .          Reflect  .    c - +0 helmet
rElec   .          Harm     .    m - scarf {shadows}
rCorr   +          Rampage  .    v - +1 pair of gloves
Will    .....                    C - +0 pair of boots
Stlth   +++.......               (no amulet)
HPRegen 0.31/turn                y - ring of protection from fire
MPRegen 0.12/turn                M - ring of resist corrosion

@: heroic, lightly drained
A: (nimble swimmer 2), mertail
a: Renounce Religion, Heroism, Finesse


You were in a bailey.
You worshipped Okawaru.
Okawaru was greatly pleased with you.
You visited 2 branches of the dungeon, and saw 8 of its levels.
You also visited: Bailey.

You collected 350 gold pieces.
You spent 88 gold pieces at shops.

Inventory:

Hand Weapons
 a - the +6 quarterstaff "Vautt" (weapon) {speed, rN+ Str+5}
   (You took it off an orc on level 5 of the Dungeon)

   Attacks with this weapon are significantly faster.
   Str:       It affects your strength (+5).
   rN:        It protects you from negative energy.
 b - a +0 shortbow
 p - a +1 trident
 F - a +2 dagger of venom
 O - a +0 sling
 R - a +2 halberd of electrocution
Missiles
 d - 2 throwing nets
 e - a javelin
 i - 50 stones
 z - 9 poisoned darts
 H - 2 boomerangs (quivered)
 N - a silver javelin
Armour
 c - a +0 helmet (worn)
 m - a scarf of shadows (worn)
 v - a +1 pair of gloves (worn)
 B - a +0 leather armour (worn)
 C - a +0 pair of boots (worn)
 E - the +1 ring mail "Hunesket" {Str-4 Int+7 Stlth+}
   (You found it on level 4 of the Dungeon)

   Str:       It affects your strength (-4).
   Int:       It affects your intelligence (+7).
   Stlth:     It makes you more stealthy.
Jewellery
 q - a ring of fire
 y - a ring of protection from fire (left hand)
 M - a ring of resist corrosion (right hand)
Wands
 g - a wand of polymorph (5)
 w - a wand of digging (7)
 G - a wand of flame (17)
Scrolls
 s - 3 scrolls of fog
 t - a scroll of vulnerability
 x - a scroll of poison
 A - 2 scrolls of teleportation
 I - 2 scrolls of enchant armour
 K - a scroll of acquirement {unknown}
 P - a scroll of identify
Potions
 f - a potion of brilliance {unknown}
 h - a potion of heal wounds {unknown}
 j - 3 potions of might
 k - 2 potions of flight
 l - 2 potions of mutation
 n - a potion of ambrosia {unknown}
 o - a potion of degeneration {unknown}
 r - 2 potions of haste
 u - 2 potions of curing
 D - 2 potions of magic
 J - a potion of experience {unknown}
 L - a potion of lignification {unknown}
 Q - a potion of cancellation {unknown}
 S - a potion of resistance {unknown}


   Skills:
 - Level 6.0(11.0) Fighting
 + Level 13.3(18.3) Polearms
 - Level 2.0(7.0) Throwing
 - Level 6.0(11.0) Dodging
 - Level 3.0 Invocations


You had 8 spell levels left.
You didn't know any spells.
Your spell library contained the following spells:

 Spells                   Type           Power      Damage    Failure   Level
 Ozocubu's Armour         Ice            0%         N/A       83%         3
 Ozocubu's Refrigeration  Ice            0%         4d7       100%        7


Dungeon Overview and Level Annotations

Branches:
Dungeon (7/15)             Temple (1/1) D:5          Bailey (1/1)

Altars:
Ashenzari
Elyvilon
Fedhas
Gozag
Hepliaklqana
Kikubaaqudgha
Makhleb
Nemelex Xobeh
Okawaru
Qazlal
Ru
Sif Muna
Uskayaw
Vehumet
Wu Jian
Xom
Yredelemnul
Zin
The Shining One

Shops:
D:3 *   D:7 (*!

Annotations:
D:2 Terence


Innate Abilities, Weirdness & Mutations

((You are very nimble when in or above water. (Stealth+, EV+, Speed+++)))
Your lower body shifts to a powerful aquatic tail in water.


Message History

There is an open door here.
The gnoll misses you.
The gnoll hits you from afar with a +2 halberd of draining.
You partially resist.
You feel drained.
There is an open door, spattered with blood here.
You hit the gnoll.
The gnoll is moderately wounded.
You hit the gnoll.
The gnoll is heavily wounded.
The gnoll hits you with a +0 halberd of electrocution.
You are electrocuted!
* * * LOW HITPOINT WARNING * * *
The gnoll closely misses you.
You sock the gnoll!
You kill the gnoll!
Okawaru accepts your kill.
There is a fountain of blood here.
The gnoll misses you.
There is an open door here.
You feel like a meek peon again.
There is an open door here.
Things that are here:
a +2 halberd of draining; a gnoll corpse
There is an open door here.
The gnoll shouts!
There is a fountain of clear blue water here.
You gain the combat prowess of a mighty hero.
The gnoll barely misses you.
There is an open door here.
There is an open door here.
You see here a gnoll skeleton.
The gnoll hits you with a +2 halberd of draining!
* * * LOW HITPOINT WARNING * * *
You partially resist.
You feel drained.
* * * LOW HITPOINT WARNING * * *
There is an open door here.
You hit the gnoll.
The gnoll is moderately wounded.
The gnoll hits you with a +2 halberd of draining.
You die...

### ### ##### ### ###
#∩###)###÷@g###)###.#
##'##'##'###g##'##'##
##.....## ##.....##
###.....#####.....###
#)'..∩..')#)'..⌠..')#
###.....#####.....###
##.....## #.....##
#'##'##'###'##'##'##
#)###)###.#.# #)###)#


You could see 2 gnolls.

Vanquished Creatures
  A steam dragon (D:6)
  3 water moccasins
  An orc warrior (Bailey)
  An ice beast (D:6)
  2 sky beasts
  An ogre (D:6)
  2 centaurs
  2 bullfrogs
  A gnoll sergeant (D:7)
  4 scorpions
  A jelly (D:6)
  3 hounds
  2 orc priests
  2 iguanas
  4 orc wizards
  10 gnolls
  7 adders
  A white imp (D:5)
  4 worms
  2 dart slugs
  30 orcs
  6 ball pythons
  6 bats
  4 endoplasms
  A giant cockroach (D:2)
  13 goblins
  5 hobgoblins
  11 jackals
  7 kobolds
  4 quokkas
  21 rats
162 creatures vanquished.

Vanquished Creatures (others)
  2 plants (D:7)
2 creatures vanquished.

Grand Total: 164 creatures vanquished

Notes
Turn   | Place    | Note
-------+----------+-------------------------------------------
     0 | D:1      | oldmanjim the Merfolk Gladiator began the quest for the
                  | Orb.
     0 | D:1      | Reached XP level 1. HP: 16/16 MP: 1/1
   149 | D:1      | Reached XP level 2. HP: 23/23 MP: 2/2
   709 | D:2      | Noticed Terence
   752 | D:2      | Reached XP level 3. HP: 24/29 MP: 3/3
   824 | D:2      | Found a faded altar of an unknown god.
   829 | D:2      | Prayed at the altar of an unknown god.
   829 | D:2      | Became a worshipper of Warmaster Okawaru
   829 | D:2      | Reached * piety under Okawaru
  1165 | D:2      | Reached skill level 5 in Polearms
  1707 | D:2      | Reached XP level 4. HP: 35/35 MP: 4/4
  1895 | D:3      | Found Henu's General Store.
  1900 | D:3      | Bought a scroll of poison for 44 gold pieces
  1900 | D:3      | Bought a scroll of fog for 44 gold pieces
  2093 | D:3      | Found a blossoming altar of Fedhas.
  2093 | D:3      | Found an ancient bone altar of Kikubaaqudgha.
  2668 | D:3      | Noticed a phantom
  3162 | D:4      | Reached XP level 5. HP: 35/42 MP: 5/5
  3162 | D:4      | Noticed a sky beast
  3206 | D:4      | Identified the +1 ring mail "Hunesket" {Str-4 Int+7 Stlth+}
  3216 | D:4      | Reached skill level 6 in Polearms
  3543 | D:4      | Killed a sky beast
  3543 | D:4      | Reached ** piety under Okawaru
  3544 | D:4      | Reached skill level 5 in Fighting
  3544 | D:4      | Reached skill level 7 in Polearms
  3544 | D:4      | Reached XP level 6. HP: 35/51 MP: 3/6
  3702 | D:4      | Reached skill level 8 in Polearms
  4237 | D:5      | Entered Level 5 of the Dungeon
  4335 | D:5      | Noticed a water moccasin
  4353 | D:5      | Killed a water moccasin
  4354 | D:5      | Reached skill level 1 in Invocations
  4354 | D:5      | Reached XP level 7. HP: 8/56 MP: 6/8
  4496 | D:5      | Identified the +6 quarterstaff "Vautt" {speed, rN+ Str+5}
  4665 | D:5      | Found a burning altar of Makhleb.
  4693 | D:5      | Found a staircase to the Ecumenical Temple.
  4696 | D:5      | Reached skill level 5 in Dodging
  4713 | Temple   | Entered the Ecumenical Temple
  4714 | Temple   | Found a transporter.
  4714 | Temple   | Found a transporter.
  4716 | Temple   | Found a transporter.
  4716 | Temple   | Found a transporter.
  4777 | D:5      | Found a hazy altar of Hepliaklqana.
  4923 | D:5      | Reached *** piety under Okawaru
  4924 | D:5      | Reached skill level 9 in Polearms
  5032 | D:6      | Reached XP level 8. HP: 62/62 MP: 10/10
  5461 | D:6      | Received a gift from Okawaru
  5486 | D:6      | Reached skill level 10 in Polearms
  5620 | D:6      | Reached skill level 11 in Polearms
  5730 | D:6      | Reached **** piety under Okawaru
  6236 | D:7      | Reached skill level 12 in Polearms
  6236 | D:7      | Reached XP level 9. HP: 54/69 MP: 11/11
  6333 | D:7      | Found Izempeti's Gadget Gallery.
  6347 | D:7      | Found Enedouga's Antique Weapon Shoppe.
  6370 | D:7      | Found Darao's Distillery.
  6390 | D:7      | Found a flagged portal.
  6399 | Bailey   | Entered a bailey
  6585 | Bailey   | Reached skill level 13 in Polearms
  6776 | Bailey   | Slain by a gnoll

Illustrated notes

Levels and vault maps discovered:
D:1:      saegor_arrival_simple_d, layout_rooms, serial_aquarium,
          aquarium_bridge_square [aquarium_subvault_window,
          aquarium_subvault_window, aquarium_subvault_bridge,
          aquarium_subvault_balcony], aquarium_window_1, aquarium_window_2,
          aquarium_window_corridor_3, aquarium_view_2e, aquarium_balcony_3a,
          aquarium_pool_five, minmay_tripent
D:2:      layout_basic, basic_ecumenical_altar, minmay_rat_hole, uniq_terence
D:3:      layout_loops_corners, grunt_temple_overflow_growth_and_decay,
          serial_shops, shop, dk_noncrumbling_2
D:4:      layout_cave_pools, minivault_1, corexii_checkpoint_b
D:5:      layout_basic, overflow_temple_1_default, lemuel_tele_altar,
          minmay_temple_entry_mini_moons
D:6:      cheibrodos_iron_armory, layout_basic, kennysheep_generic_room_11
D:7:      minmay_the_grid_four_pointed_star
          [minmay_the_grid_triangle_9x9_pentomino_pain,
          minmay_the_grid_triangle_9x9_longest,
          minmay_the_grid_triangle_9x9_wacky_v,
          minmay_the_grid_triangle_9x9_limited_checkers,
          minmay_the_grid_prize_four_corners_diamond_a], layout_rooms,
          enter_bailey_6, serial_shops, nicolae_shop_crystal,
          nicolae_shop_overgrown_old_shop, nicolae_shop_gadgets, uniq_maggie
Temple:   hellmonk_temple_divided_pantheon
Bailey:   bailey_polearm_nasty_gnolls, bailey

Skill      XL: |  1  2  3  4  5  6  7  8  9 |
---------------+----------------------------+-----
Fighting       | 3 4 5 6 |  6.0
Polearms       | 5 7 8 9 12 13 | 13.3
Invocations    | 1 3 |  3.0
Dodging        | 5 6 |  6.0
Throwing       | |  2.0

Action                   |  1- 3 |  4- 6 |  7- 9 || total
-------------------------+-------+-------+-------++-------
Melee: Trident           |   102 |   265 |    23 ||   390
       Punch             |       |     3 |     1 ||     4
       Quarterstaff      |       |       |   150 ||   150
Throw: Stone             |       |    10 |       ||    10
       Throwing net      |       |     4 |       ||     4
       Dart              |       |       |    11 ||    11
       Boomerang         |       |       |     4 ||     4
       Javelin           |       |       |     1 ||     1
Invok: Heroism           |       |     2 |     2 ||     4
  Use: Scroll            |       |    13 |     3 ||    16
       Potion            |       |       |     1 ||     1
 Stab: Sleeping          |     2 |     2 |     2 ||     6
       Held in net/web   |       |     1 |       ||     1
Armor: Leather armour    |    20 |    68 |    38 ||   126
Dodge: Dodged            |    43 |   141 |   118 ||   302

Table legend: (Time is in decaauts)
 A = Elapsed time spent in this place.
 B = Non-inter-level travel time spent in this place.
 C = Inter-level travel time spent in this place.
 D = Time resting spent in this place.
 E = Time spent auto-exploring this place.
 F = Levels seen in this place.
 G = Mean time per level.
                   A        B        C        D        E       F      G
               +--------+--------+--------+--------+--------+-----+--------+
         Total |   6728 |   6398 |    330 |    668 |   3744 |   9 |  747.6 |
       Dungeon |   6325 |   6004 |    321 |    524 |   3736 |   7 |  903.6 |
        Temple |     36 |     27 |      9 |      0 |      8 |   1 |   36.0 |
        Bailey |    365 |    365 |      0 |    144 |      0 |   1 |  365.0 |
               +--------+--------+--------+--------+--------+-----+--------+

Top non-repeatable levels by time:
     D:3: 1451 daAuts
     D:2: 1285 daAuts
     D:6: 990 daAuts
     D:5: 842 daAuts
     D:4: 771 daAuts
     D:1: 731 daAuts
  Bailey: 365 daAuts
     D:7: 252 daAuts
  Temple: 36 daAuts
